 Dungeon Crawl Stone Soup version 0.30-a0-118-ga018f8e90f (webtiles) character file.

Game seed: 2937542048830217663

17 nono the Trooper (level 2, -1/19 HPs)
             Began as a Kobold Fighter on Sept 13, 2022.
             Succumbed to a kobold's poison
             ... on level 1 of the Dungeon.
             The game lasted 00:00:56 (605 turns).

nono the Trooper (Kobold Fighter)                    Turns: 605, Time: 00:00:56

Health: -1/19      AC:  6    Str: 13    XL:     2   Next: 80%
Magic:  2/2        EV: 10    Int:  9    God:
Gold:   38         SH:  5    Dex: 14    Spells: 1/1 levels left

rFire   . . .      SeeInvis .    a - +0 flail
rCold   . . .      Faith    .    c - +0 buckler
rNeg    . . .      Spirit   .    b - +0 scale mail
rPois   .          Reflect  .    (no helmet)
rElec   .          Harm     .    (no cloak)
rCorr   .          Rampage  .    (no gloves)
Will    .....                    (no boots)
Stlth   +.........               (no amulet)
HPRegen 0.06/turn                (no ring)
MPRegen 0.08/turn                (no ring)

@: mighty, lethally poisoned (-1 -> -21)
A: small, no large weapons, nightstalker 3
a: no special abilities


You were on level 1 of the Dungeon.
You visited 1 branch of the dungeon, and saw 1 of its levels.

You collected 38 gold pieces.

Inventory:

Hand Weapons
 a - a +0 flail (weapon)
Armour
 b - a +0 scale mail (worn)
 c - a +0 buckler (worn)
Scrolls
 e - a scroll of enchant armour {unknown}
 f - a scroll of identify {unknown}
 g - a scroll of enchant weapon {unknown}


   Skills:
 * Level 3.6 Fighting
 * Level 2.1 Maces & Flails
 - Level 2.4 Armour
 * Level 1.2 Dodging
 + Level 0.8 Stealth
 - Level 2.4 Shields


You had one spell level left.
You didn't know any spells.
Your spell library contained the following spells:

 Spells                   Type           Power      Damage    Failure   Level
 Slow                     Hex            0%         N/A       96%         1
 Confusing Touch          Hex            0%         N/A       100%        3
 Inner Flame              Hex/Fire       0%         N/A       100%        3
 Vampiric Draining        Necr           0%         2d6       100%        3
 Cause Fear               Hex            0%         N/A       100%        4
 Discord                  Hex            0%         N/A       100%        8


Dungeon Overview and Level Annotations

Branches:
Dungeon (1/15)

Altars:


Innate Abilities, Weirdness & Mutations

You are small and have problems with some larger weapons.
You are completely attuned to the shadows.


Message History

You hit the kobold.
You kill the kobold!
No target in view!
No target in view!
g - a scroll labelled KUURPH BOAPP A goblin comes into view.
It is wielding a +0 club.
The goblin shouts!
You hear a shout!
You closely miss the goblin. The goblin hits you with a +0 club.
The goblin hits you but does no damage.
You closely miss the goblin. The goblin hits you with a +0 club.
A kobold comes into view. It is wielding a +4 dagger of venom.
You closely miss the goblin. You block the goblin's attack.
The goblin hits you but does no damage.
You closely miss the goblin. The goblin hits you but does no damage.
You barely miss the goblin. The goblin barely misses you.
You closely miss the goblin. You block the goblin's attack. x2
You hit the goblin.
You kill the goblin!
You hit the kobold but do no damage. You block the kobold's attack.
You miss the kobold.
The kobold hits you with a +4 dagger of venom.
You are poisoned.
The kobold hits you but does no damage.
You are lethally poisoned!
You closely miss the kobold.
You feel extremely sick. The kobold closely misses you.
You are too injured to fight recklessly!
You are too injured to fight recklessly!
You are too injured to fight recklessly!
Okay, then.
Okay, then.
You feel very mighty all of a sudden.
* * * LOW HITPOINT WARNING * * *
You feel very sick. The kobold hits you but does no damage.
You are more poisoned.
You thump the kobold!
You kill the kobold!
You die...

##### .... ..# ##
.... #)# ..##...
#@# ...#.# #.#
##.#.##
##.##########......
#.............##...
#............###.#.
#..................
#............###.#.
#.......(..>.# #.##
#............# #.#.


There were no monsters in sight!

Vanquished Creatures
  2 dart slugs (D:1)
  3 endoplasms (D:1)
  A giant cockroach (D:1)
  A goblin (D:1)
  3 kobolds (D:1)
  A frilled lizard (D:1)
  2 rats (D:1)
13 creatures vanquished.

Notes
Turn   | Place    | Note
-------+----------+-------------------------------------------
     0 | D:1      | nono the Kobold Fighter began the quest for the Orb.
     0 | D:1      | Reached XP level 1. HP: 14/14 MP: 1/1
   282 | D:1      | Reached XP level 2. HP: 19/19 MP: 2/2
   312 | D:1      | Reached skill level 1 in Dodging
   605 | D:1      | Succumbed to a kobold's poison

Illustrated notes

Levels and vault maps discovered:
D:1:      amcnicky_arrival_double_pillar, layout_rooms

Skill      XL: |  1  2 |
---------------+-------+-----
Maces & Flails | 2 |  2.1
Dodging        | 1 |  1.2
Fighting       | |  3.6
Armour         | |  2.4
Stealth        | |  0.8
Shields        | |  2.4

Action                   || total
-------------------------++-------
Melee: Flail             ||    40
  Use: Potion            ||     1
 Stab: Sleeping          ||     1
Armor: Scale mail        ||    13
Dodge: Dodged            ||    13
Block: Buckler           ||     9

Table legend: (Time is in decaauts)
 A = Elapsed time spent in this place.
 B = Non-inter-level travel time spent in this place.
 C = Inter-level travel time spent in this place.
 D = Time resting spent in this place.
 E = Time spent auto-exploring this place.
 F = Levels seen in this place.
 G = Mean time per level.
                   A        B        C        D        E       F      G
               +--------+--------+--------+--------+--------+-----+--------+
         Total |    619 |    619 |      0 |      0 |    525 |   1 |  619.0 |
       Dungeon |    619 |    619 |      0 |      0 |    525 |   1 |  619.0 |
               +--------+--------+--------+--------+--------+-----+--------+

Top non-repeatable levels by time:
     D:1: 619 daAuts
